 Dungeon Crawl Stone Soup version 0.25.0-1-g7eea58d (webtiles) character file.

Game seed: 13265229164844021637

434 ratboy the Chopper (level 7, -1/61 HPs)
             Began as a Hill Orc Fighter on June 14, 2020.
             Was an Initiate of Yredelemnul.
             Slain by a centaur (3 damage)
             ... on level 5 of the Dungeon.
             The game lasted 00:12:17 (4399 turns).

ratboy the Chopper (Hill Orc Fighter)               Turns: 4399, Time: 00:12:17

Health: -1/61      AC:  7    Str: 21    XL:     7   Next: 0%
Magic:  8/8        EV:  7    Int:  8    God:    Yredelemnul [......]
Gold:   231        SH:  9    Dex: 10    Spells: 6/6 levels left

rFire    . . .     SeeInvis .   a - +0 war axe
rCold    . . .     Gourm    .   c - +0 kite shield
rNeg     . . .     Faith    .   b - +0 scale mail
rPois    .         Spirit   .   (no helmet)
rElec    .         Reflect  .   (no cloak)
rCorr    .         Harm     .   (no gloves)
MR       .....                  (no boots)
Stlth    ..........             (no amulet)
HPRegen  0.20/turn              (no ring)
MPRegen  0.11/turn              (no ring)

@: lethally poisoned (-1 -> -9)
A: no striking features
a: Renounce Religion


You were on level 5 of the Dungeon.
You worshipped Yredelemnul.
Yredelemnul was noncommittal.
You were hungry.

You visited 2 branches of the dungeon, and saw 6 of its levels.

You collected 231 gold pieces.

Inventory:

Hand Weapons
 a - a +0 war axe (weapon)
 q - a +0 war axe
Missiles
 h - 8 poisoned darts (quivered)
 w - a boomerang
Armour
 b - a +0 scale mail (worn)
 c - a +0 kite shield (worn)
Scrolls
 j - 2 scrolls of enchant armour {unknown}
 k - a scroll of remove curse {unknown}
 m - a scroll of blinking {unknown}
 n - a scroll of enchant weapon {unknown}
 o - a scroll of amnesia {unknown}
 r - a scroll of noise {unknown}
 t - a scroll of teleportation {unknown}
 u - a scroll of identify {unknown}
 v - a scroll of magic mapping {unknown}
Potions
 d - a potion of might
 i - a potion of heal wounds {unknown}
 l - a potion of invisibility {unknown}
 p - 2 potions of magic
 s - a potion of brilliance {unknown}
Comestibles
 f - 15 rations


   Skills:
 + Level 5.1 Fighting
 * Level 6.2 Axes
 + Level 4.6 Armour
 + Level 4.6 Shields
 + Level 1.5 Invocations


You had 6 spell levels left.
You didn't know any spells.
Your spell library was empty.

Dungeon Overview and Level Annotations

Branches:
Dungeon (5/15)             Temple (1/1) D:4

Altars:
Dithmenos
Elyvilon
Fedhas
Gozag
Hepliaklqana
Kikubaaqudgha
Makhleb
Nemelex Xobeh
Okawaru
Qazlal
Ru
Sif Muna
Trog
Uskayaw
Vehumet
Wu Jian
Xom
Yredelemnul
Zin
The Shining One


Message History

You hit the centaur but do no damage.
The centaur is severely wounded.
You barely miss the worker ant. The centaur hits you.
* * * LOW HITPOINT WARNING * * *
The worker ant bites you but does no damage.
The centaur hits you.
* * * LOW HITPOINT WARNING * * *
The worker ant bites you.
* * * LOW HITPOINT WARNING * * *
You are lethally poisoned!
The worker ant poisons you!
It was a potion of magic.
Magic courses through your body.
* * * LOW HITPOINT WARNING * * *
You feel sick.
You kill the worker ant!
Yredelemnul accepts your kill.
You have reached level 7!
The centaur hits you.
You die...
Your body rises from the dead as a mindless zombie.

......###.....##
.%.............#
...............#
....!..........#
..............###.
........$.........
.......c(.........
#....†o((<..>....
##.....)(........
#####...........
#........#..
#.#.##.### . ..###
.# ...# .# ....#
.. ...#


You could see a centaur.

Vanquished Creatures
  A centaur (D:5)
  A scorpion (D:4)
  A hound (D:4)
  An orc wizard (D:3)
  A worker ant (D:5)
  4 gnolls
  8 adders
  An ooze (D:2)
  4 worms
  A dart slug (D:1)
  4 leopard geckos
  6 orcs
  9 giant cockroaches
  8 goblins
  5 hobgoblins
  10 jackals
  10 kobolds
  2 quokkas
  A ball python (D:4)
  12 bats
  A frilled lizard (D:4)
  5 rats
96 creatures vanquished.

Notes
Turn   | Place    | Note
-------+----------+-------------------------------------------
     0 | D:1      | ratboy the Hill Orc Fighter began the quest for the Orb.
     0 | D:1      | Reached XP level 1. HP: 19/19 MP: 1/1
    68 | D:1      | Reached skill level 3 in Axes
    91 | D:1      | Reached XP level 2. HP: 17/27 MP: 2/2
   496 | D:1      | Reached XP level 3. HP: 21/33 MP: 3/3
  1263 | D:2      | Reached skill level 4 in Axes
  1263 | D:2      | Reached XP level 4. HP: 40/40 MP: 4/4
  1268 | D:2      | Found a sacrificial altar of Ru.
  1269 | D:2      | Found a glowing silver altar of Zin.
  1649 | D:2      | Found a transporter.
  1939 | D:2      | Found a transporter.
  1946 | D:2      | Reached XP level 5. HP: 47/47 MP: 5/5
  2209 | D:2      | Became a worshipper of Ru the Awakened
  2361 | D:3      | Reached skill level 5 in Axes
  2457 | D:3      | Found a stormy altar of Qazlal.
  3217 | D:4      | Found a hazy altar of Hepliaklqana.
  3400 | D:4      | Reached XP level 6. HP: 46/55 MP: 6/6
  3420 | D:4      | Found a staircase to the Ecumenical Temple.
  3429 | Temple   | Entered the Ecumenical Temple
  3645 | Temple   | Fell from the grace of Ru
  3645 | Temple   | Became a worshipper of Yredelemnul the Dark
  3952 | D:3      | Reached skill level 5 in Fighting
  3971 | D:4      | Reached skill level 1 in Invocations
  4377 | D:5      | Entered Level 5 of the Dungeon
  4387 | D:5      | Reached skill level 6 in Axes
  4399 | D:5      | HP: 2/56 [poisoned by a worker ant]
  4399 | D:5      | Reached XP level 7. HP: 2/61 MP: 8/8
  4399 | D:5      | Slain by a centaur

Illustrated notes

Levels and vault maps discovered:
D:1:      saegor_arrival_simple_c, layout_rooms, hangedman_decor_clover_reticule
D:2:      layout_basic, gammafunk_temple_overflow_arena
D:3:      layout_basic, grunt_qazlal_clouds, first_ration
D:4:      layout_basic, lemuel_crystal_altar, minmay_temple_entry_overgrown,
          minmay_curled_crystal
D:5:      layout_cave_pools, nicolae_overflow_crystal_walls
Temple:   eino_temple_scatter_basement

Skill      XL: |  1  2  3  4  5  6 |
---------------+-------------------+-----
Axes           | 3 4 5 6 |  6.2
Fighting       | 4 5 |  5.1
Armour         | 4 |  4.6
Shields        | 4 |  4.6
Invocations    | 1 |  1.5

Action                   |  1- 3 |  4- 6 |  7- 9 || total
-------------------------+-------+-------+-------++-------
Melee: War axe           |   151 |   268 |       ||   419
Throw: Stone             |       |     1 |       ||     1
       Dart              |       |     8 |       ||     8
  Use: Potion            |       |     1 |       ||     1
  Eat: Chunk             |     2 |     9 |       ||    11
Armor: Scale mail        |   102 |   149 |       ||   251
Dodge: Dodged            |    73 |    90 |       ||   163
Block: Kite shield       |   110 |   147 |       ||   257
